 Seeded DCSS version 0.30.1-4-g462c640d31 (webtiles) character file.

Game seed: 6351066067085065685 (custom seed)

357 Esekla the Magician (level 6, -5/32 HPs)
             Began as a Deep Elf Wanderer on Sept 8, 2023.
             Was a Follower of Vehumet.
             Slain by a gnoll
             ... wielding a +0 halberd
             ... led by a gnoll bouda
              (15 damage)
             ... on level 5 of the Dungeon.
             The game lasted 00:24:52 (3018 turns).

Esekla the Magician (Deep Elf Wanderer)             Turns: 3018, Time: 00:24:52

Health: -5/32      AC:  4    Str: 11    XL:     6   Next: 37%
Magic:  14/17      EV: 11    Int: 20    God:    Vehumet [*.....]
Gold:   206        SH:  4    Dex: 11    Spells: 8/18 levels left

rFire   . . .        a - +2 dagger (vamp)
rCold   . . .        d - +0 buckler
rNeg    . . .        c - +0 robe
rPois   .            l - +0 helmet
rElec   .            (no cloak)
rCorr   .            j - +0 pair of gloves
SInv    .            (no boots)
Will    .....        z - amulet of magic regeneration
Stlth   ++           (no ring)
HPRegen 0.25/turn    (no ring)
MPRegen 0.55/turn

%: no passive effects
@: very slightly contaminated
A: no striking features
a: Renounce Religion


You were on level 5 of the Dungeon.
You worshipped Vehumet.
Vehumet was aware of your devotion.
You visited 1 branch of the dungeon, and saw 5 of its levels.

You collected 206 gold pieces.

Inventory:

Hand Weapons
 a - a +2 vampiric dagger (weapon)
 r - a +0 spear
 s - the +5 rapier of the Hero {heavy, rN+ Dex+3}
   (You found it on level 3 of the Dungeon)

   Dex:       It affects your dexterity (+3).
   rN:        It protects you from negative energy.
Missiles
 w - 8 poisoned darts (quivered)
Armour
 c - a +0 robe (worn)
 d - a +0 buckler (worn)
 j - a +0 pair of gloves (worn)
 l - a +0 helmet (worn)
Jewellery
 z - an amulet of magic regeneration (around neck)
Wands
 p - a wand of roots (9)
Scrolls
 g - 4 scrolls of identify {unknown}
 i - a scroll of enchant armour {unknown}
 m - 2 scrolls of amnesia {unknown}
 n - a scroll of immolation {unknown}
 t - a scroll of blinking {unknown}
 u - a scroll of fog {unknown}
 x - a scroll of enchant weapon {unknown}
 y - a scroll of fear
 A - a scroll of magic mapping {unknown}
Potions
 b - 2 potions of lignification
 e - a potion of ambrosia {unknown}
 f - 2 potions of attraction {unknown}
 h - a potion of heal wounds {unknown}
 k - a potion of mutation {unknown}
 o - a potion of curing
 q - a potion of haste {unknown}
 v - 3 potions of brilliance {unknown}


   Skills:
 + Level 1.4 Short Blades
 + Level 0.1 Throwing
 * Level 2.1 Dodging
 + Level 2.3 Stealth
 + Level 1.7 Shields
 * Level 6.9 Spellcasting
 + Level 2.2 Conjurations
 * Level 2.8 Necromancy
 + Level 2.8 Translocations
 + Level 1.0 Invocations


You had 8 spell levels left.
You knew the following spells:

 Your Spells              Type           Power      Damage    Failure   Level
a - Magic Dart            Conj           60%        1d6       5%          1
b - Blink                 Tloc           36%        N/A       7%          2
d - Vampiric Draining     Necr           18%        2d7       13%         3
p - Apportation           Tloc           36%        N/A       4%          1
t - Teleport Other        Tloc           18%        N/A       13%         3

Your spell library contained the following spells:

 Spells                   Type           Power      Damage    Failure   Level
 Kiss of Death            Conj/Necr      68%        2d10      4%          1
 Lesser Beckoning         Tloc           36%        N/A       7%          2
 Gell's Gravitas          Tloc           18%        N/A       13%         3
 Ignite Poison            Fire/Tmut/Pois 6%         N/A       38%         3
 Spider Form              Tmut/Pois      6%         N/A       38%         3
 Cause Fear               Hex            3%         N/A       80%         4
 Summon Mana Viper        Hex/Summ       6%         N/A       98%         5


Dungeon Overview and Level Annotations

Branches:
Dungeon (5/15)
 Temple: D:4-7

Altars:
Dithmenos
Hepliaklqana
Okawaru
Qazlal
Trog
Vehumet
Zin

Shops:
D:2 =

Annotations:
D:2 black bear


Message History

You are now empty-handed.
You drop a +1 short sword of freezing.
You feel a sense of dread.
a - a +2 vampiric dagger (weapon)
Found a scroll labelled POILALU JEHO.
You open the door. 2 gnolls come into view.
Found a potion of curing.
The gnoll shouts! x2; You hear a shout! x2
There is an open door here.
Things that are here:
a +1 short sword of freezing; a +0 chain mail
There is a stone staircase leading down here.
Casting: Vampiric Draining (quite dangerous; 13% risk of failure)
Confirm with . or Enter, or press ? or * to list all spells.
Aiming: Magic Dart (safe; 5% risk of failure)
Press: ? - help, Shift-Dir - straight line, f - gnoll
Aim: a gnoll, wielding a +0 halberd (100% to hit)
Okay, then.
Throw: 9 darts (poison)
Press: ? - help, Q - select action, (/) - cycle Shift-Dir - straight line, f - gnoll
Aim: a gnoll, wielding a +0 whip (58% to hit)
You throw a poisoned dart. The poisoned dart hits the gnoll.
The gnoll is poisoned.
A gnoll comes into view. It is wielding a +0 flail.
The gnoll hits you with a +0 halberd!
There is a stone staircase leading down here.
The gnoll hits you with a +0 halberd!
* * * LOW HITPOINT WARNING * * *
You climb downwards.
There is a stone staircase leading up here.
Casting: Magic Dart (safe; 5% risk of failure)
Confirm with . or Enter, or press ? or * to list all spells.
The spell is quite dangerous to miscast (13% risk of failure)!
Continue anyway?
Aiming: Vampiric Draining (quite dangerous; 13% risk of failure)
Press: ? - help, Shift-Dir - straight line, f - gnoll
Aim: a gnoll, wielding a +0 halberd (moderately wounded, poisoned)
You miscast Vampiric Draining.
You are very lightly contaminated with residual magic.
Nothing appears to happen.
The gnoll hits you with a +0 halberd!
You die...

....#.# ##.# #... ###.#.#
#####..# #..# ....#.#
#......###+###..# ###.#.#
#.###....'_###..# ....#.##
#. #..###'###..####
###....### #.###..# #.#
#.#.... .....#...#
#......###.###..###.
###....#.#
###g#...........# #.
....#.##.# #@#####.#.#.#.#
#. ....#..#.# #.# #.#.....#
#. ######.#.# #.# #.#####.#
## #.#.# ##.#####.#####.#
##.#.######..............#
##.#..........#####.#######
#.###.........# #†#
##.#.########## #.# ##.##
#.##########


You could see a gnoll (poisoned).

Vanquished Creatures
  2 scorpions (D:5)
  A hound (D:3)
  A sleepcap (D:5)
  2 iguanas
  3 gnolls
  5 adders
  3 dart slugs
  5 orcs
  4 endoplasms
  8 goblins
  4 hobgoblins
  A quokka (D:1)
  6 ball pythons
  4 bats
  4 frilled lizards
  5 kobolds
  A rat (D:2)
59 creatures vanquished.

Notes
Turn   | Place    | Note
-------+----------+-------------------------------------------
     0 | D:1      | Esekla the Deep Elf Wanderer began the quest for the Orb.
     0 | D:1      | Esekla set off with the following items: a +0 club, a
                  | potion of lignification, a +0 robe, a +0 buckler; and the
                  | following spells available to memorise: Apportation, Blink,
                  | Lesser Beckoning, Magic Dart, Ignite Poison, Vampiric
                  | Draining.
     0 | D:1      | Reached XP level 1. HP: 10/10 MP: 7/7
     2 | D:1      | Learned a level 1 spell: Magic Dart
     4 | D:1      | Learned a level 1 spell: Apportation
   430 | D:4      | Found an iron altar of Okawaru.
   442 | D:4      | Found a glowing silver altar of Zin.
   528 | D:4      | Found a radiant altar of Vehumet.
   532 | D:4      | Became a worshipper of Vehumet
   714 | D:3      | Reached XP level 2. HP: 15/15 MP: 0/9
   966 | D:3      | Identified the +5 rapier of the Hero {heavy, rN+ Dex+3}
  1071 | D:2      | Noticed a black bear
  1161 | D:2      | Learned a level 2 spell: Blink
  1194 | D:2      | Reached skill level 1 in Necromancy
  1360 | D:3      | Found a stormy altar of Qazlal.
  1368 | D:3      | Reached XP level 3. HP: 19/19 MP: 7/11
  1372 | D:3      | Learned a level 3 spell: Vampiric Draining
  1386 | D:3      | Reached skill level 1 in Dodging
  1454 | D:3      | Reached skill level 5 in Spellcasting
  1454 | D:3      | Reached XP level 4. HP: 18/24 MP: 11/13
  1476 | D:3      | Found a bloodstained altar of Trog.
  1479 | D:3      | Found a hazy altar of Hepliaklqana.
  1799 | D:2      | Found Renulab's Jewellery Shop.
  1883 | D:3      | Reached * piety under Vehumet
  1883 | D:3      | Offered knowledge of Kiss of Death by Vehumet.
  1962 | D:2      | Reached skill level 1 in Conjurations
  2203 | D:1      | Learned a level 3 spell: Teleport Other
  2258 | D:1      | Reached XP level 5. HP: 28/28 MP: 11/15
  2426 | D:2      | Found a faded altar of an unknown god.
  2456 | D:2      | Reached skill level 6 in Spellcasting
  2589 | D:5      | Entered Level 5 of the Dungeon
  2699 | D:5      | Reached skill level 1 in Short Blades
  2785 | D:5      | Found a shadowy altar of Dithmenos.
  2802 | D:5      | Got the Parchment of the Lumpy Olives
  2844 | D:5      | Reached XP level 6. HP: 32/32 MP: 17/17
  3018 | D:5      | Slain by a gnoll

Illustrated notes

Levels and vault maps discovered:
D:1:      sevenhm_arrival_forest_fort_small_3, layout_rooms,
          chequers_serial_rivers_room_b, minmay_misc_feat_five
D:2:      layout_loops_ring, dreamdust_ecumenical_altar_angels_and_demons,
          serial_shops, shop
D:3:      layout_basic, grunt_temple_overflow_open, minmay_misc_feat_iff
D:4:      layout_basic, nicolae_overflow_quartered_altars, serial_shops,
          nicolae_diamond_shop
D:5:      layout_loops_ring, lemuel_doored_altar, minmay_misc_feat_rows,
          dreamdust_wishing_well

Skill      XL: |  1  2  3  4  5  6 |
---------------+-------------------+-----
Necromancy     | 1 2 |  2.8
Dodging        | 1 2 |  2.1
Spellcasting   | 5 6 |  6.9
Conjurations   | 1 2 |  2.2
Short Blades   | 1 |  1.4
Stealth        | 2 |  2.3
Throwing       | |  0.1
Shields        | |  1.7
Translocations | |  2.8
Invocations    | |  1.0

Action                     |  1- 3 |  4- 6 || total
---------------------------+-------+-------++-------
  Melee: Short sword       |    53 |    78 ||   131
         Rapier            |       |     5 ||     5
  Throw: Dart              |       |     6 ||     6
   Cast: Apportation       |    23 |    10 ||    33
         Magic Dart        |    29 |    31 ||    60
         Vampiric Draining |       |    10 ||    10
    Use: Scroll            |     1 |       ||     1
         Potion            |     1 |       ||     1
   Stab: Sleeping          |       |     4 ||     4
 Armour: Robe              |    27 |    12 ||    39
  Dodge: Dodged            |    54 |    39 ||    93
  Block: Buckler           |    18 |    12 ||    30
